[Event "Icelandic Championship 2024"]
[Site "Mosfellsbaer"]
[Date "2024.04.21"]
[Round "6.4"]
[White "Kjartansson, Gudmundur"]
[Black "Gretarsson, Hjorvar Steinn"]
[Result "1/2-1/2"]
[ECO "A11"]
[WhiteElo "2480"]
[BlackElo "2518"]
[Annotator "TA"]
[PlyCount "116"]
[EventDate "2024.04.16"]
[EventType "tourn"]
[EventCountry "ISL"]
[SourceTitle "playchess.com"]
[Source "ChessBase"]
[SourceQuality "1"]
[TimeControl "40/5400+30:1800+30"]

1. Nf3 d5 2. g3 c6 3. Bg2 Bg4 4. c4 e6 5. cxd5 Bxf3 6. Bxf3 cxd5 7. O-O Nc6 {[%emt 0:02:19] The main line 7...Nc6 scores better than 7...Nf6.} 8. d4 Nf6 9. Nc3 Be7 {[%emt 0:00:44] A11: English Opening: 1...c6.} 10. b3 Rc8 11. Bb2 O-O 12. e3 a6 13. Qe2 b5 14. Rfc1 Qb6 15. Bg2 Bd6 $146 ({Predecessor:} 15... Rc7 16. g4 Rfc8 17. g5 Ne8 18. Bxd5 Bxg5 19. Qg4 Bxe3 20. fxe3 Nf6 21. Qg2 exd5 22. Nxd5 Nxd5 23. Qxd5 {0-1 Ftacnik,L (2558)-Azarov,S (2635) CZE-chT 1415 2014 (11.4)}) 16. Qe1 Rfd8 17. Rc2 Rc7 18. Rac1 Rdc8 (18... Nb4 $5 19. Rd2 $8 Bf8 $11) 19. Qd1 Qa5 20. Nb1 Qb6 21. Bc3 Nb4 22. Bxb4 Bxb4 23. Rxc7 Rxc7 24. Rc2 g6 25. a3 Bd6 26. Qc1 Rxc2 27. Qxc2 Kg7 28. Bf1 h5 29. h4 (29. a4 $11) 29... e5 (29... Qb8 $15 {was preferrable.} 30. f4 b4) 30. dxe5 $11 Bxe5 31. Nd2 d4 32. exd4 Bxd4 33. Nf3 Ng4 34. Nxd4 Qxd4 35. a4 bxa4 36. bxa4 a5 37. Bb5 Qb4 38. Kg2 Ne5 39. Be2 Qd4 40. Kg1 Qb4 41. Kg2 Nd7 42. Qd1 Ne5 43. Qc2 Qd4 44. Kg1 Qa1+ 45. Kg2 Qa3 46. Kg1 Nd7 47. Qc6 Qa1+ 48. Kg2 Qd4 49. Bc4 Nc5 (49... Ne5 $5 50. Qd5 $8 Qc3 $11) 50. Bb5 ({Don't go for} 50. Bxf7 $2 Kxf7 51. Qc7+ Kg8 52. Qxa5 Nxa4 $19 (52... Qxa4 53. Qxc5 Qd7 54. Qb6 $14)) 50... Ne4 51. Qc2 Nc3 52. Bc6 Qb4 53. Qd2 Qc4 54. Qd7 Qc5 55. Bf3 Qb4 56. Qc7 Qd4 57. Qxa5 Nxa4 58. Qd5 Qxd5 1/2-1/2

[Event "Icelandic Championship 2024"]
[Site "Mosfellsbaer"]
[Date "2024.04.21"]
[Round "6.5"]
[White "Stefansson, Vignir Vatnar"]
[Black "Ragnarsson, Dagur"]
[Result "1-0"]
[ECO "D43"]
[WhiteElo "2459"]
[BlackElo "2333"]
[Annotator "TA"]
[PlyCount "117"]
[EventDate "2024.04.16"]
[EventType "tourn"]
[EventCountry "ISL"]
[SourceTitle "playchess.com"]
[Source "ChessBase"]
[SourceQuality "1"]
[TimeControl "40/5400+30:1800+30"]

1. Nf3 Nf6 2. d4 d5 3. c4 c6 4. Nc3 e6 5. Qd3 dxc4 6. Qxc4 b5 7. Qd3 Be7 8. e4 {[%emt 0:00:31] was the old line (8.g3). D43: Semi-Slav: 5 Bg5 h6.} b4 9. Na4 O-O 10. e5 $146 ({Predecessor:} 10. Qc2 Qa5 11. b3 Ba6 12. Bxa6 Qxa6 13. Bg5 Nbd7 14. Ne5 Nxe5 15. dxe5 Nd5 16. exd5 Bxg5 {1-0 Navara,D (2720)-Korneev,O (2606) FRA-chT Top 16 GpB 2007 (4.1)}) 10... Nd5 11. h4 f5 12. exf6 Nxf6 13. Qc2 Qa5 14. Bd2 Ba6 15. Bxa6 Qxa6 16. Ng5 c5 17. Nxc5 Bxc5 18. dxc5 Nc6 19. Be3 Ne5 20. Bd4 Nd3+ 21. Kd2 Nf4 22. Bxf6 Qe2+ 23. Kc1 Qxc2+ 24. Kxc2 gxf6 25. Ne4 Rac8 {[%emt 0:00:02] [#]} 26. g3 $1 Nd5 27. Kb3 Rc6 28. Rac1 Rfc8 (28... f5 {was called for.}) 29. Nd6 $18 R8c7 30. Nb5 Re7 31. Rhd1 Kf7 32. Nd4 Rc8 33. Nf5 exf5 34. Rxd5 f4 35. gxf4 (35. Kxb4 Re2 36. Ka3 (36. gxf4 Rxb2+ 37. Ka3 Rxf2 $18) 36... Ke6 37. Rd6+ Ke7 $18) 35... Re2 36. Rc2 (36. Kxb4 Rxb2+ 37. Ka3 Rb5 38. Rd7+ Ke6 39. Rxh7 (39. Rxa7 Rcxc5 40. Rxc5 Rxc5 $16) 39... Rcxc5 40. Rxc5 Rxc5 $16) 36... Rxc2 37. Kxc2 Ke6 38. Rh5 (38. Rd6+ Ke7 39. Kd3 (39. Rd5 Ke6 $18) 39... Rxc5 $18) 38... f5 (38... h6 $142 39. Kb3 (39. Rxh6 Rxc5+ 40. Kb3 Rf5 $16) 39... Rh8 40. Kxb4 Rb8+ 41. Kc3 Rh8) 39. Kb3 $18 (39. Rxh7 Rxc5+ 40. Kb3 Rd5 41. Rxa7 (41. Kxb4 Rd4+ 42. Kc3 Rxf4 $18) 41... Rd3+ 42. Kxb4 Rd4+ 43. Kc3 Rxf4 $18) 39... Rxc5 40. Rxh7 (40. Kxb4 Rc2 $15) 40... a5 41. h5 Rd5 (41... a4+ $142 42. Kxa4 Rc2) 42. Ra7 $18 Rd3+ 43. Ka4 b3 44. a3 (44. Kxa5 bxa2 45. Kb4 Rf3 $16) (44. axb3 $142 {[%cal Oh5h6] aiming for h6!} Rf3 45. h6 (45. Rxa5 Rxf4+ 46. b4 Rxf2 $18) 45... Rxf4+ 46. Kxa5 Rxf2 47. h7) 44... Rd4+ (44... Rd2 $142 45. Ra6+ (45. Rxa5 Rxb2 46. h6 Rxf2 $16) (45. Kxb3 Rxf2 46. Ra6+ Kf7 $18) (45. Kxa5 Rxb2 46. Ka4 Rxf2 $14) 45... Kf7 46. Rxa5 Rd4+ 47. Kxb3 Rxf4 48. Ra7+ Kg8) 45. Kxb3 $18 Rxf4 46. Ra6+ (46. Rxa5 Rxf2 47. h6 Rh2 $18) 46... Kf7 47. Rxa5 Rxf2 48. a4 Kf6 (48... Rf3+ $142 49. Ka2 Kf6) 49. Ra8 $18 Rf3+ 50. Kb4 Rf4+ 51. Kb5 Rh4 52. Rf8+ Ke6 53. a5 Rxh5 54. a6 f4+ 55. Kb6 Rh6 56. a7 ({Inferior is} 56. Rxf4 Ke5+ 57. Kb5 Kxf4 $11) 56... Ke7+ 57. Kb5 Kxf8 58. a8=Q+ (58. a8=B Rh2 59. b3 Rc2 $19) 58... Kg7 59. Qf3 1-0

[Event "Icelandic Championship 2024"]
[Site "Mosfellsbaer"]
[Date "2024.04.21"]
[Round "6.6"]
[White "Birkisson, Bardur Orn"]
[Black "Ptacnikova, Lenka"]
[Result "1-0"]
[ECO "C66"]
[WhiteElo "2169"]
[BlackElo "2127"]
[Annotator "TA"]
[PlyCount "113"]
[EventDate "2024.04.16"]
[EventType "tourn"]
[EventCountry "ISL"]
[SourceTitle "playchess.com"]
[Source "ChessBase"]
[SourceQuality "1"]
[TimeControl "40/5400+30:1800+30"]

1. e4 e5 2. Nf3 Nc6 3. Bb5 a6 4. Ba4 Nf6 5. O-O d6 6. c3 Bd7 {[%emt 0:06:37] is recently more successful than 6...Be7.} 7. Re1 g6 {[%emt 0:01:00] C66: Ruy Lopez: Steinitz Defence.} 8. h3 Bg7 9. d4 b5 10. Bc2 h6 11. Nbd2 exd4 $146 ({Predecessor:} 11... O-O 12. Nf1 Re8 13. Ng3 Rb8 14. a3 Na5 15. b3 c5 16. Be3 Qc7 17. d5 Kh7 {½-½ Robson,R (2675)-Borisek,J (2565) PRO League Stage rapid 2017 (5)}) 12. e5 dxe5 13. cxd4 e4 14. Nxe4 (14. Bxe4 O-O $11) 14... O-O 15. Nc5 Bc8 16. Bf4 Nd5 17. Bg3 Nde7 18. Be4 Bf5 19. Rc1 Bxe4 20. Nxe4 Nxd4 21. Bxc7 (21. Rxc7 Nef5 22. Bf4 Re8 $11) 21... Qd5 22. Bd6 Rfe8 23. Rc5 Nxf3+ 24. Qxf3 Qe6 {[%emt 0:02:05] [#]} 25. Be5 $1 Qf5 {[%emt 0:11:02] [#]} (25... Bxe5 $2 26. Rxe5 Qxe5 27. Nf6+ $18) (25... b4 $16) 26. Qc3 $2 ({White must play} 26. Bf4 $1 $18 Qe6 (26... Nd5 $2 27. Rxd5 Qxd5 28. Nf6+ Bxf6 29. Rxe8+ Rxe8 30. Qxd5 $18) 27. Bxh6) 26... b4 (26... Nd5 $1 $11 27. Rxd5 Rxe5 28. Nf6+ Bxf6 29. Rdxe5 Bxe5 30. Qxe5 Qxe5 31. Rxe5 Rc8) 27. Qg3 (27. Qxb4 Bxe5 28. Ng3 Qf4 $11) (27. Qc4 $1 $14 Bxe5 28. Ng3) 27... Nd5 $11 28. f4 Bxe5 $4 (28... Rad8 $11) 29. Rxd5 $2 (29. fxe5 $18 Rxe5 30. Nf6+ Qxf6 31. Qxe5 (31. Rxe5 Nf4 $18) 31... Qxe5 32. Rxe5) 29... Bxf4 $1 $14 (29... Qxf4 $2 30. Qxf4 Bxf4 31. Nf6+ Kf8 32. Rxe8+ (32. Nxe8 Rxe8 33. Rxe8+ Kxe8 $18) 32... Rxe8 33. Nxe8 Kxe8 34. Ra5 $18) 30. Qf3 $1 Be5 (30... Qxd5 $2 31. Nf6+ (31. Qxf4 $2 Qd4+ 32. Kh2 Re6 $19) 31... Kg7 32. Nxd5 $18 (32. Nxe8+ Rxe8 33. Qxd5 Rxe1+ 34. Kf2 Re5 $11)) (30... Be3+ $2 31. Qxe3 Re5 32. Nf6+ Qxf6 33. Qxe5 $18 (33. Rxe5 g5 $18)) 31. Qxf5 gxf5 32. Rxe5 $1 fxe4 33. R1xe4 Rxe5 34. Rxe5 Rc8 35. Ra5 Rc1+ 36. Kh2 Rc2 37. b3 Rc6 38. Ra4 Rb6 39. g4 Kg7 40. Kg3 Kg6 41. Ra5 Rd6 42. Kf4 f6 (42... Re6 $14) 43. h4 $16 Rd4+ 44. Kf3 Rd3+ 45. Ke4 Rh3 $2 (45... Rd1 $16 46. h5+ (46. Rxa6 Rh1 $11) 46... Kf7 47. Rxa6 Rg1) 46. h5+ $18 (46. Rxa6 Rxh4 47. Kf3 h5 $11) 46... Kf7 47. Rxa6 Rg3 48. Kf4 Rg2 (48... Rg1 $142 49. Ra4 Ra1 50. Rxb4 Rxa2 51. Rb7+ Ke6) 49. Ra4 $18 Ke6 50. Rxb4 Rxa2 51. Re4+ Kf7 52. b4 Rb2 53. Ke3 f5 54. Rf4 (54. gxf5 Kf6 55. Rf4 Rb3+ 56. Kd2 Rh3 $18) 54... Ke6 (54... Rb3+ $142 55. Kd2 Ke6 56. gxf5+ (56. Rxf5 Rxb4 57. Ra5 Rd4+ 58. Kc3 Rxg4 $11) 56... Kf6) 55. gxf5+ $18 ({Worse is} 55. Rxf5 Rxb4 56. Kf3 Ke7 $11) 55... Ke5 56. f6 (56. Kf3 Rb1 57. Rc4 Rb3+ 58. Ke2 (58. Kg4 Rb1 $14) 58... Kxf5 $18) 56... Rb3+ 57. Kd2 1-0

[Event "Icelandic Championship 2024"]
[Site "Mosfellsbaer"]
[Date "2024.04.23"]
[Round "7.2"]
[White "Ragnarsson, Dagur"]
[Black "Birkisson, Bardur Orn"]
[Result "0-1"]
[ECO "A07"]
[WhiteElo "2333"]
[BlackElo "2169"]
[Annotator "TA"]
[PlyCount "70"]
[EventDate "2024.04.16"]
[EventType "tourn"]
[EventCountry "ISL"]
[SourceTitle "playchess.com"]
[Source "ChessBase"]
[SourceQuality "1"]
[TimeControl "40/5400+30:1800+30"]

1. Nf3 d5 2. g3 Bg4 3. Bg2 c6 4. O-O Nd7 5. h3 Bh5 6. d4 Ngf6 {[%emt 0:01:49] [#]} 7. c4 $1 e6 8. cxd5 {[%emt 0:00:12] White has an edge.} exd5 9. Ne5 Bg6 10. Nxg6 hxg6 11. Nc3 Bd6 12. Bg5 O-O 13. Qc2 Re8 14. Rad1 Qc7 15. Rd3 Ne4 16. Nxe4 dxe4 17. Rc3 Qa5 18. Bd2 (18. h4 $14 {was preferrable.}) 18... Qxa2 19. Rb3 {[%emt 0:11:23] Inhibits Bb4.} Qa4 20. Rc1 $1 (20. Bxe4 $2 Rxe4 (20... Qxd4 21. Rxb7 Qxe4 22. Qxe4 $14) 21. e3 Re7 $19) 20... Nb6 (20... Qxd4 21. Be3 Qf6 22. Rxb7 $16 (22. Bxe4 Bc5 $15)) 21. e3 $1 {[%emt 0:00:39][%cal Og2f1] Bf1! is the strong threat.} c5 $1 22. dxc5 (22. Bxe4 Rxe4 (22... cxd4 $2 {is the wrong capture.} 23. Bxb7 Be5 24. exd4 $18) 23. Qxe4 Qxb3 $17) 22... Bxc5 23. Bf1 a6 {[%emt 0:02:31] Wards off Bb5} 24. Rc3 (24. Be1 $5) 24... Bd6 25. Qb3 Bb4 26. Qxa4 Nxa4 27. R3c2 Bxd2 28. Rxd2 Rac8 $36 {[%emt 0:01:32][%mdl 2048] Prevents Rc7. Black has some pressure.} 29. Rxc8 Rxc8 $11 {[%emt 0:00:06][%mdl 4096] Endgame. KRB-KRN} 30. b3 Nc3 31. Rd6 (31. h4 $15) 31... Kf8 {[%emt 0:02:00] aiming for ...Ke7.} 32. Rb6 $2 {[%emt 0:00:37] Now White is beyond hope.} (32. Rd7 $17 {was forced.}) 32... Rc7 $19 33. Bc4 Ke7 34. Kf1 {[%emt 0:00:49] [#]} Rd7 $1 35. Be2 $2 (35. h4) 35... Nd5 {[%emt 0:01:23] Weighted Error Value: White=0.29 (precise) /Black=0.10 (very precise) .  Mistake:       	White=4     	---        Inaccurate:     	White=5     	Black=4      OK:         	White=7     	Black=5      Best:        	White=1     	Black=3      Strong:       	White=2     	Black=2} 0-1

[Event "Icelandic Championship 2024"]
[Site "Mosfellsbaer"]
[Date "2024.04.23"]
[Round "7.3"]
[White "Gretarsson, Hjorvar Steinn"]
[Black "Stefansson, Vignir Vatnar"]
[Result "1/2-1/2"]
[ECO "D35"]
[WhiteElo "2518"]
[BlackElo "2459"]
[Annotator "RC"]
[PlyCount "68"]
[EventDate "2024.04.16"]
[EventType "tourn"]
[EventCountry "ISL"]
[SourceTitle "playchess.com"]
[Source "ChessBase"]
[SourceQuality "1"]
[TimeControl "40/5400+30:1800+30"]

1. c4 e6 2. Nc3 d5 3. d4 Be7 4. cxd5 exd5 5. Bf4 Nf6 6. e3 Bf5 7. Qb3 Nc6 8. Qxb7 Nb4 9. Rc1 O-O 10. a3 Nc2+ 11. Rxc2 Bxc2 12. Bxc7 Qc8 13. Ba6 Qxb7 14. Bxb7 Rab8 15. Bxb8 Rxb8 16. Bxd5 Rxb2 17. Bc4 Bxa3 18. Nge2 a5 19. O-O Bb4 20. f3 a4 21. Ra1 a3 22. Nb5 Bb3 23. Bxb3 Rxb3 24. e4 Bf8 25. Nbc3 Bb4 26. Rc1 Rb2 27. Kf1 h5 28. Na4 Rd2 29. Nac3 h4 30. Rb1 Bxc3 31. Nxc3 Rxd4 32. Rb3 Rd2 33. Rxa3 h3 34. gxh3 Rxh2 1/2-1/2

[Event "Icelandic Championship 2024"]
[Site "Mosfellsbaer"]
[Date "2024.04.23"]
[Round "7.4"]
[White "Prudnykova, Olga"]
[Black "Kjartansson, Gudmundur"]
[Result "0-1"]
[ECO "B50"]
[WhiteElo "2263"]
[BlackElo "2480"]
[Annotator "TA"]
[PlyCount "74"]
[EventDate "2024.04.16"]
[EventType "tourn"]
[EventCountry "ISL"]
[SourceTitle "playchess.com"]
[Source "ChessBase"]
[SourceQuality "1"]
[TimeControl "40/5400+30:1800+30"]

1. e4 c5 2. Nf3 d6 3. Nc3 Nf6 4. e5 dxe5 5. Nxe5 a6 6. Qe2 Qc7 7. b3 Nc6 8. Nxc6 {[%emt 0:00:16] The position is equal.} Qxc6 9. Bb2 Bf5 10. O-O-O e6 11. Rg1 h5 12. f3 h4 13. g4 hxg3 14. hxg3 Bd6 15. Kb1 Kf8 (15... O-O-O $11) 16. d3 (16. Bg2 $16) 16... Qc7 $1 $11 17. Ne4 Be5 18. Nxf6 (18. Bxe5 {with more complications.} Qxe5 19. Nxf6 Qxe2 20. Nd7+) 18... Bxb2 19. Kxb2 gxf6 20. f4 Rg8 {[%emt 0:00:50] Hoping for ...Bg4.} 21. Re1 a5 22. Qh2 a4 {[%emt 0:00:57] White must now prevent ...Qa5.} 23. g4 $2 {[%emt 0:00:47][%mdl 8192] This move loses the game for White.} Qa5 $19 (23... Rxg4 24. Qh8+ (24. Rxg4 $2 Qa5 $19) 24... Ke7 25. Qxa8 $19) (23... Bxg4 24. Be2 Qa5 (24... Bxe2 $2 25. Rxg8+ Kxg8 26. Qh6 $18) 25. Bxg4 $11) 24. Be2 $2 (24. Rd1 $19 axb3 (24... Bxg4 25. Be2 $17) (24... Rxg4 $2 25. Rxg4 Bxg4 26. Be2 $19) 25. axb3) 24... axb3 $1 25. axb3 {[%emt 0:00:06] [#]} c4 $1 26. Rb1 c3+ 27. Kc1 Qa3+ 28. Kd1 {[%emt 0:00:05] [#]} Qb2 $3 29. Ke1 Qxb1+ 30. Kf2 Qxc2 {[%emt 0:01:01][%cal Oa8a2] ( -> ...Ra2!)} 31. Qh6+ Ke7 32. Qh1 {[%emt 0:01:37] [#]} Ra7 $1 33. Qf3 {[%emt 0:04:17] [#]} (33. g5 Bxd3) 33... Bxg4 $1 {[%emt 0:02:58] Black mates.} 34. Rxg4 (34. Qe4 Qxe2+) 34... Rxg4 35. Qxg4 Qxb3 36. f5 c2 37. Qf4 Qb6+ {[%emt 0:00:10] Weighted Error Value: White=0.47/Black=0.23 (precise) .  Loses game:     	White=1     	---        Mistake:       	White=2     	Black=1      Inaccurate:     	White=1     	Black=2      OK:         	White=6     	Black=8      Best:        	---       	Black=1      Strong:       	---       	Black=2} 0-1

[Event "Icelandic Championship 2024"]
[Site "Mosfellsbaer"]
[Date "2024.04.23"]
[Round "7.5"]
[White "Heimisson, Hilmir Freyr"]
[Black "Domalchuk-Jonasson, Aleksandr"]
[Result "1/2-1/2"]
[ECO "D02"]
[WhiteElo "2361"]
[BlackElo "2368"]
[Annotator "TA"]
[PlyCount "81"]
[EventDate "2024.04.16"]
[EventType "tourn"]
[EventCountry "ISL"]
[SourceTitle "playchess.com"]
[Source "ChessBase"]
[SourceQuality "1"]
[TimeControl "40/5400+30:1800+30"]

1. Nf3 d5 2. g3 c5 3. Bg2 Nc6 4. d4 Nf6 5. O-O cxd4 6. Nxd4 e5 7. Nxc6 bxc6 8. c4 Be6 9. Nc3 Rc8 10. Qa4 (10. cxd5 $1 $14 cxd5 11. Qa4+ Bd7 12. Qxa7) 10... Qd7 (10... d4 $1 $11 11. Rd1 (11. Bxc6+ Rxc6 12. Qxc6+ Bd7 $15) 11... Nd7) 11. cxd5 {[%emt 0:04:18] White is slightly better.} cxd5 12. Qxd7+ Kxd7 13. Rd1 Bc5 14. Nxd5 (14. Bxd5 Nxd5 15. Nxd5 Bxd5 16. Rxd5+ Ke6 $11) 14... Nxd5 15. Bxd5 Bxd5 16. Rxd5+ Ke6 17. Rd2 Rhd8 18. Kf1 Bb6 19. Rxd8 Rxd8 20. Be3 Bxe3 21. fxe3 $11 {[%emt 0:00:06][%mdl 4096] Endgame. KR-KR} Rd2 22. Rb1 Kf5 23. Kf2 Ke4 24. a4 Rd6 25. b4 Rf6+ 26. Ke1 Kxe3 27. b5 Kd4 28. Kd2 (28. Rc1 $14) 28... Rd6 29. Rc1 Rd7 {[%emt 0:04:51] Dodges Rc7} 30. Rc3 {[%emt 0:02:49] [#] Black must now prevent Rd3+.} Ke4+ {[%emt 0:05:13] The position is equal.} 31. Kc2 f5 32. h4 h5 33. Kb3 {[%emt 0:01:54] Hoping for a5.} f4 34. Kb4 {[%emt 0:01:27] [#] Strongly threatening a5.} Kf5 35. gxf4 exf4 36. a5 Kg4 37. b6 axb6 (37... Kxh4 $2 {is the wrong capture.} 38. Rc7 axb6 39. Rxd7 $18) 38. axb6 Kxh4 {[%emt 0:00:10] aiming for ...g5.} 39. Rc7 Rd1 {[%emt 0:03:35] Threatens to win with ...g5.} 40. Rxg7 Rd2 41. Re7 {[%emt 0:07:33] Weighted Error Value: White=0.08 (flawless) /Black=0.06 (flawless) .  Mistake:       	White=2     	Black=1      Inaccurate:     	---       	Black=1      OK:         	White=16    	Black=16     Best:        	White=1     	Black=3} 1/2-1/2

[Event "Icelandic Championship 2024"]
[Site "Mosfellsbaer"]
[Date "2024.04.23"]
[Round "7.6"]
[White "Stefansson, Hannes"]
[Black "Gretarsson, Helgi Ass"]
[Result "0-1"]
[ECO "B07"]
[WhiteElo "2493"]
[BlackElo "2468"]
[Annotator "RC"]
[PlyCount "82"]
[EventDate "2024.04.16"]
[EventType "tourn"]
[EventCountry "ISL"]
[SourceTitle "playchess.com"]
[Source "ChessBase"]
[SourceQuality "1"]
[TimeControl "40/5400+30:1800+30"]

1. e4 d6 2. d4 Nf6 3. Nc3 g6 4. Be3 c6 5. Nf3 Nbd7 6. h3 Qc7 7. a4 Bg7 8. Bc4 O-O 9. Ba2 b6 10. O-O Bb7 11. Qd2 Rad8 12. Bh6 d5 13. Bxg7 Kxg7 14. e5 Ne4 15. Nxe4 dxe4 16. Ng5 h6 17. Nxf7 Rxf7 18. Bxf7 Kxf7 19. Qxh6 Nf8 20. f3 e3 21. Qxe3 Ne6 22. Rad1 Qd7 23. Qb3 Kg7 24. Qe3 Qd5 25. b3 b5 26. Rfe1 a5 27. Kh1 Rh8 28. Qe4 b4 29. Re3 Rd8 30. Red3 Qd7 31. Kg1 Rf8 32. Qe3 Rd8 33. Kf2 Rf8 34. R3d2 Nf4 35. c4 bxc3 36. Qxc3 Qd5 37. Re1 Ne6 38. Ke3 c5 39. Kf2 cxd4 40. Qd3 Ng5 41. Qxd4 Nxf3 0-1

[Event "Icelandic Championship 2024"]
[Site "Mosfellsbaer"]
[Date "2024.04.24"]
[Round "8.2"]
[White "Domalchuk-Jonasson, Aleksandr"]
[Black "Stefansson, Hannes"]
[Result "1/2-1/2"]
[ECO "B13"]
[WhiteElo "2368"]
[BlackElo "2493"]
[Annotator "TA"]
[PlyCount "110"]
[EventDate "2024.04.16"]
[EventType "tourn"]
[EventCountry "ISL"]
[SourceTitle "playchess.com"]
[Source "ChessBase"]
[SourceQuality "1"]
[TimeControl "40/5400+30:1800+30"]

1. e4 c6 2. d4 d5 3. exd5 cxd5 4. Bd3 Nc6 5. c3 e6 6. Bf4 {[%emt 0:01:27] B13: Caro-Kann: Exchange Variation and Panov-Botvinnik Attack.} Bd6 7. Bxd6 Qxd6 8. Nf3 Nge7 9. O-O O-O 10. Nbd2 Rd8 $146 ({Predecessor:} 10... Bd7 11. Re1 f6 12. c4 Rad8 13. a3 dxc4 14. Nxc4 Qf4 15. Re4 Qb8 16. Rh4 Nf5 17. Bxf5 exf5 {1-0 Abdurakhmanov,M (2409)-Dardha,D (2598) Wch Rapid Samarkand 2023 (1)}) 11. b4 Ng6 12. Re1 Bd7 13. a4 Be8 14. a5 Nce7 15. Qb3 Rac8 16. g3 Rc7 17. Qb2 Rdc8 18. Nb3 Qd8 19. Rec1 Nf5 20. Nc5 Nd6 21. Ne5 Bb5 (21... b6 $15 22. Nxg6 hxg6) 22. Qe2 (22. a6 $1 $11 {keeps the balance.} bxa6 23. Rd1) 22... Qe8 23. Bxb5 Qxb5 24. Kf1 b6 25. axb6 axb6 26. Qxb5 Nxb5 27. Na4 Nxe5 (27... Nxc3 $2 28. Rxc3 (28. Nxb6 Rd8 $14) 28... Rxc3 29. Nxc3 Nxe5 (29... Rxc3 $2 30. Ra8+ Nf8 31. Nd7 $18) 30. dxe5 $18) 28. dxe5 Rc6 $1 (28... Nxc3 29. Rxc3 Rxc3 30. Nxc3 $18) 29. Ke2 (29. h4 $17 {was worth a try.}) 29... f6 $19 (29... Nxc3+ 30. Rxc3 Rxc3 31. Nxc3 $18) 30. f4 (30. Kf1 {was necessary.}) 30... fxe5 $19 (30... Nxc3+ 31. Nxc3 Rxc3 32. Rxc3 Rxc3 33. exf6 gxf6 34. Ra7 $17) 31. fxe5 {[%emt 0:00:02] [#]} Rf8 $2 (31... Nxc3+ 32. Nxc3 Rxc3 33. Rxc3 Rxc3 34. Ra6 $15) (31... Nd4+ $1 $19 32. Ke1 Nb3) 32. Rf1 $17 Rxf1 (32... Nxc3+ 33. Nxc3 Rxc3 34. Ra6 Rxf1 35. Kxf1 $15) 33. Kxf1 {[%emt 0:00:11] [#]} Kf7 $1 (33... Nxc3 34. Nxc3 (34. Rc1 d4 $15) 34... Rxc3 35. Ra6) 34. Ke2 Nxc3+ 35. Nxc3 Rxc3 36. Ra6 b5 37. Rb6 Rc2+ 38. Kf3 $2 (38. Ke3 $17 {is a better defense.}) 38... Rxh2 $19 39. Rxb5 h5 40. Rb6 g5 41. b5 g4+ $2 ({Better is} 41... Rb2 $19 {White must now prevent ...Rb3+.} 42. Rb8 Kg6) 42. Kf4 $11 Rf2+ 43. Kg5 Rf5+ 44. Kh4 $1 Rxe5 45. Rb8 $1 d4 46. Rd8 Rxb5 47. Rf8+ Ke7 48. Re8+ $1 Kd7 49. Rd8+ Kc6 50. Rd6+ Kc5 (50... Kc7 $5 51. Rxd4 Rb3 $11) 51. Rc6+ $1 Kb4 (51... Kd5 $5 52. Rd6+ Kc5 (52... Ke5 53. Rxe6+ Kf5 54. Rf6+ Ke4 55. Rf4+ Kd5 56. Rxd4+ Ke6 57. Rf4 $11) 53. Rc6+ Kb4 (53... Kd5 54. Rd6+ Ke5 55. Rxe6+ Kd5 56. Rd6+ Ke5 57. Re6+ Kf5 58. Rf6+ Ke5 59. Re6+ $11) 54. Rc4+ Kb3 55. Rxd4 Re5 $11) 52. Rc4+ $1 Kb3 53. Rxd4 e5 54. Re4 Kc3 55. Rxe5 Rxe5 1/2-1/2

[Event "Icelandic Championship 2024"]
[Site "Mosfellsbaer"]
[Date "2024.04.24"]
[Round "8.3"]
[White "Kjartansson, Gudmundur"]
[Black "Heimisson, Hilmir Freyr"]
[Result "1-0"]
[ECO "D12"]
[WhiteElo "2480"]
[BlackElo "2361"]
[Annotator "TA"]
[PlyCount "149"]
[EventDate "2024.04.16"]
[EventType "tourn"]
[EventCountry "ISL"]
[SourceTitle "playchess.com"]
[Source "ChessBase"]
[SourceQuality "1"]
[TimeControl "40/5400+30:1800+30"]

1. d4 Nf6 2. c4 c6 3. Nc3 d5 4. e3 Bf5 5. Nf3 e6 6. Nh4 Be4 7. f3 Bg6 8. Qb3 Qc7 9. Nxg6 {[%emt 0:00:37] D12: Slav Defence: 3 Nf3 Nf6 4 e3 Bf5.} hxg6 10. Bd2 a5 11. cxd5 Nxd5 12. e4 Nxc3 13. bxc3 b5 14. g3 $146 ({Predecessor:} 14. c4 bxc4 15. Bxc4 Nd7 16. g3 Rb8 17. Qd3 Bb4 18. Bxb4 Rxb4 19. Qc3 Qb6 20. Rd1 {1-0 Stearman,J (2451)-Korley,K (2457) New York 1000 GM Fall GM-A 2023 (1)}) 14... Nd7 15. Kf2 Be7 16. Be2 g5 17. Kg2 O-O 18. Qb2 Rfb8 19. Be3 Qd8 20. Rac1 Nb6 21. Rhd1 Ra7 22. Qd2 Rd7 23. Bd3 Rbb7 24. Kh1 a4 25. f4 Nc4 26. Bxc4 bxc4 27. fxg5 Rb5 28. h4 Qb8 29. Kh2 Rb2 30. Rc2 Rdb7 31. Rdc1 a3 32. Qe2 Rxc2 33. Rxc2 (33. Qxc2 $2 Rb2 34. g6 Rxc2+ $19 (34... fxg6 $2 35. Bg1 $19)) 33... Rb1 34. g6 (34. Qxc4 $6 Re1 35. Qd3 Qb1 $11) ({Better is} 34. Bc1 $16) 34... fxg6 $11 35. Qxc4 Kh7 (35... Re1 $11 36. Bf2 (36. Qxe6+ Kh7 $11) 36... Ra1 37. Qxe6+ (37. Qxc6 $2 Qb1 $19) 37... Kh7) 36. Qxe6 (36. Qxc6 $2 Re1 37. Bf2 (37. Qxe6 $2 Rxe3 38. Rg2 Qf8 $19) 37... Qb1 $19) ({White should play} 36. Qe2 $14) 36... Qb5 $11 37. c4 (37. Rf2 $5 Qd3 $8 38. h5 (38. Qxe7 Qxe3 39. Qf7 Rb2 $15) 38... Qxe3 39. Qxg6+ Kh8 40. Qe8+ Kh7 41. Qg6+ Kh8 42. Qe8+ Kh7 43. Qg6+ $11) 37... Qh5 38. Rg2 Qf3 (38... Qd1 39. Rg1 Rb2+ 40. Kh3) 39. Qxe7 Qxe3 40. h5 $1 Qh6 (40... Qxd4 41. hxg6+ Kh6 42. Qh4+ (42. Qxa3 Qxe4 43. Qc3 Rd1 $11) 42... Kxg6 43. Qg4+ Kf7 44. Qh5+ Ke7 45. e5) 41. Qe6 (41. Qxa3 $2 Qxh5#) 41... Qxh5+ (41... gxh5 {simplifies} 42. Qxh6+ Kxh6 43. d5 cxd5 44. exd5 Rc1) 42. Qh3 Rb4 ({Don't go for} 42... Rh1+ $2 43. Kxh1 Qxh3+ 44. Rh2 $18) 43. g4 (43. Qxh5+ gxh5 44. Kh3 Rxc4) 43... Qxh3+ 44. Kxh3 Rxc4 45. Rd2 c5 46. dxc5 Rxc5 47. Rd3 Re5 48. Re3 g5 49. Kg3 Kg6 50. Kf3 Ra5 51. Rb3 Ra6 52. Ke3 Kf6 53. Rc3 g6 54. Rc4 Ra8 55. Rc6+ Kf7 56. Rc7+ Kf6 57. Rc6+ Kf7 58. Rb6 Rh8 59. Kd4 Rh2 60. Ke5 Rxa2 61. Rb7+ Kf8 62. Ra7 Rg2 63. Kf6 Ke8 64. Kxg5 a2 (64... Re2 {simplifies} 65. Rxa3 Rxe4 66. Ra6 Kf7) 65. e5 Kd8 66. e6 a1=Q $4 (66... Ke8 $11) 67. Rxa1 Ke7 68. Ra4 ({Worse is} 68. Kxg6 Rxg4+ 69. Kf5 Rg2 $11) 68... Re2 69. Ra7+ Kxe6 70. Kxg6 Rg2 71. g5 Rg1 72. Kh6 Rh1+ 73. Kg7 Kf5 74. g6 Rg1 75. Kf7 1-0